 Dungeon Crawl Stone Soup version 0.19-a0-1021-g80cc50c (webtiles) character file.

949 ololoev the Chopper (level 7, 0/54 HPs)
             Began as a Deep Dwarf Fighter on July 27, 2016.
             Killed by nerve-wracking pain
             ... invoked by an orc priest
              (7 damage)
             ... on level 7 of the Dungeon.
             The game lasted 00:06:40 (1283 turns).

ololoev the Chopper (Deep Dwarf Fighter)            Turns: 1283, Time: 00:06:41

Health: 0/54       AC:  7    Str: 23    XL:     7   Next: 90%
Magic:  6/6        EV: 12    Int:  9    God:
Gold:   211        SH:  0    Dex: 12    Spells: 0 memorised, 6 levels left

rFire  . . .     SeeInvis .     a - +0 broad axe
rCold  . . .     Gourm    .     b - +0 scale mail
rNeg   . . .     Faith    .     (no shield)
rPois  .         Spirit   .     (no helmet)
rElec  .         Dismiss  .     (no cloak)
rCorr  .         Reflect  .     (no gloves)
SustAt .         Harm     .     (no boots)
MR     +....                    (no amulet)
Stlth  ..........               (no ring)
                                (no ring)

@: non-regenerating, somewhat resistant to hostile enchantments, extremely
unstealthy
A: damage resistance, recharge devices, frail 1, sense surroundings 1, slow
regeneration 3, strong 1, MP-powered wands
a: Device Recharging


Innate Abilities, Weirdness & Mutations

You are resistant to damage.
You can recharge devices by infusing magical energy.
You passively map a small area around you.
You do not regenerate naturally.
You are frail. (-10% HP)
Your muscles are strong. (Str +2)
You expend magic power (3 MP) to strengthen your wands.

Inventory:

Hand Weapons
 a - a +0 broad axe (weapon)
Armour
 b - a +0 scale mail (worn)
Wands
 e - a wand of heal wounds (3/9)
 m - a wand of confusion (28/48)
Scrolls
 c - a scroll of enchant armour {unknown}
 j - a scroll of recharging {unknown}
 o - a scroll of immolation {unknown}
 r - a scroll of enchant weapon {unknown}
Potions
 d - a potion of curing {unknown}
 n - a potion of heal wounds {unknown}
 p - a potion of flight
 s - a potion of lignification {unknown}
Comestibles
 f - 2 bread rations
 i - 2 beef jerkies
 k - a meat ration
 q - a slice of pizza
 t - a chunk of flesh


   Skills:
 - Level 2.6 Fighting
 * Level 7.4 Axes
 + Level 5.8 Armour
 + Level 4.6 Dodging
   Level 3.2 Shields


You had 6 spell levels left.
You didn't know any spells.


You were on level 7 of the Dungeon.
You were not hungry.

You visited 1 branch of the dungeon, and saw 8 of its levels.

You collected 211 gold pieces.

.. . .# .#* ....... * *
.##.# ....... , ....#
....... ..### *
.......######### ,, ..#
.......#.......# *
..##### .....Z.#.......#
......##......oo#)......#
.........# #..ho@.......#
......#### #.####.......#
..##### #..<....# ..# * *
#.......#* ..# *
######### ..# ,* * , .##
* * * * .. , * ** ,, .#*
* , * *, *

Notes
Turn   | Place    | Note
-------+----------+-------------------------------------------
     0 | D:1      | ololoev the Deep Dwarf Fighter began the quest for the Orb.
     0 | D:1      | Reached XP level 1. HP: 20/20 MP: 1/1
   234 | D:2      | Reached XP level 2. HP: 22/27 MP: 2/2
   291 | D:3      | Reached skill level 3 in Axes
   345 | D:4      | Reached XP level 3. HP: 7/33 MP: 3/3
   351 | D:4      | Noticed Natasha
   362 | D:4      | Killed Natasha
   362 | D:4      | Reached skill level 1 in Dodging
   362 | D:4      | Reached XP level 4. HP: 29/40 MP: 4/4
   367 | D:4      | Reached skill level 4 in Axes
   476 | D:4      | Reached XP level 5. HP: 10/46 MP: 5/5
   481 | D:5      | Entered Level 5 of the Dungeon
   554 | D:5      | Reached skill level 5 in Axes
   598 | D:5      | Reached XP level 6. HP: 42/55 MP: 6/6
   828 | D:7      | Reached skill level 6 in Axes
   828 | D:7      | Reached skill level 5 in Armour
   935 | D:7      | Reached XP level 7. HP: 31/61 MP: 7/7
  1018 | D:6      | Found an oddly glowing altar of Pakellas.
  1180 | D:6      | Reached skill level 7 in Axes
  1234 | D:6      | Gained mutation: You expend magic power (3 MP) to strengthen your wands. [potion of mutation]
  1234 | D:6      | Gained mutation: Your muscles are strong. (Str +2) [potion of mutation]
  1234 | D:6      | Gained mutation: You are frail. (-10% HP) [potion of mutation]
  1283 | D:7      | Killed from afar by an orc priest

Dungeon Overview and Level Annotations

Branches:
Dungeon (8/15)
 Temple: D:4-7         Lair: D:8-11

Altars:
Pakellas


Message History

You feel your magical essence link to your wands.
You feel stronger.
You feel frail.
Found a beef jerky.
A hound comes into view.
You found a shaft!
The hound barks!
The hound bites you but does no damage.
You are too injured to fight recklessly!
You are too injured to fight recklessly!
You are too injured to fight recklessly!
You are too injured to fight recklessly!
You slash the hound!
The hound is severely wounded.
The hound bites you but does no damage.
You miss the hound.
The hound is severely wounded.
The hound bites you. The hound closely misses you.
You slash the hound!
You kill the hound!
Found a stone staircase leading down.
i - 2 beef jerkies (gained 1)
A shadow imp comes into view.
The shadow imp shouts!
Found 16 stones.
There is a stone staircase leading down here.
The shadow imp closely misses you.
You barely miss the shadow imp.
The shadow imp hits you but does no damage.
You closely miss the shadow imp. The shadow imp barely misses you.
You hit the shadow imp.
The shadow imp is heavily wounded.
The shadow imp closely misses you. The shadow imp misses you.
You hit the shadow imp but do no damage.
The shadow imp is heavily wounded.
The shadow imp hits you but does no damage.
You closely miss the shadow imp.
The shadow imp is heavily wounded.
The shadow imp closely misses you.
You closely miss the shadow imp.
The shadow imp is moderately wounded.
The shadow imp barely misses you.
You barely miss the shadow imp.
The shadow imp is moderately wounded.
The shadow imp gestures at you. Pain shoots through your body!
The shadow imp closely misses you.
You slash the shadow imp!
The shadow imp is almost dead.
The shadow imp hits you but does no damage.
You slash the shadow imp!
You kill the shadow imp!
(D) Dungeon
Where to? (Enter - D:6 @ (x,y), ? - help)
There is a stone staircase leading down here.
You climb downwards.
An orc comes into view. It is wielding a whip.
An orc priest comes into view. It is wielding a club.
There is a stone staircase leading up here.
A black bear comes into view.
The black bear growls angrily.
The orc priest shouts!
An orc and an orc priest come into view.
The orc priest shouts!
The orc shouts!
You slash the orc priest!
The orc priest is severely wounded.
The orc priest barely misses you.
A centaur zombie comes into view.
The orc priest barely misses you. The orc priest hits you with a club.
The orc barely misses you.
You closely miss the orc. You slash the orc priest!
You kill the orc priest!
You slash the orc priest! The orc priest misses you.
The orc hits you but does no damage.
Unknown command.
You closely miss the orc priest.
The orc priest is heavily wounded.
You barely miss the orc.
The orc priest mumbles some strange prayers to Beogh against you.
Beogh smites you! The orc closely misses you.
The orc priest mumbles some strange prayers to Beogh against you.
Pain shoots through your body!
You die...

You could see a black bear, an orc priest, 2 orcs and a centaur zombie.

Vanquished Creatures
  A centaur (D:6)
  2 giant frogs
  4 crimson imps
  5 orc priests
  A jelly (D:6)
  A giant frog skeleton (D:6)
  2 orc wizards (D:6)
  3 hounds
  Natasha (D:4)
  3 iguanas
  A worker ant (D:5)
  A hound skeleton (D:6)
  2 adders
  4 gnolls (D:4)
  A shadow imp (D:6)
  An adder skeleton (D:7)
  A worm (D:4)
  3 giant geckos
  6 orcs
  4 giant cockroaches
  2 goblins (D:2)
  7 jackals
  A kobold (D:2)
  A quokka (D:5)
  A ball python (D:5)
  A bat (D:2)
  A giant newt (D:4)
  3 rats (D:2)
64 creatures vanquished.

Action                   |  1- 3 |  4- 6 |  7- 9 || total
-------------------------+-------+-------+-------++-------
Melee: War axe           |    47 |   156 |    48 ||   251
       Broad axe         |       |       |    15 ||    15
 Abil: Device Recharging |       |       |     1 ||     1
Evoke: Wand              |     1 |     2 |     4 ||     7
  Use: Potion            |     1 |       |     2 ||     3
       Scroll            |       |       |     3 ||     3
  Eat: Chunk             |       |     1 |     1 ||     2
Armor: Scale mail        |    24 |    71 |    49 ||   144
Dodge: Dodged            |    35 |   120 |    78 ||   233

Vault maps used:
D:1:      scummos_arrival_simple_fountains
D:2:      kennysheep_another_room
D:3:      ecumenical_altar_2, grunt_ministairs_14, minmay_strange_pillars,
          cheibriados_altar_1
D:4:      kb_forest_paths, uniq_natasha
D:5:      first_bread
D:6:      lemuel_round_altar
D:8:      minmay_diamond_stairs, serial_shops, shop, blue_anna_alchemist,
          makhleb_altar_promises_db, uniq_gastronok, uniq_pikel, uniq_grum
